BLB
BALTIMORE BULLDOGS @ WINDY CITY BLUES
05/08/2060
 
TOP OF THE 1ST
Baltimore Bulldogs batting - Pitching for Windy City Blues : RHP James Peters
Pitching: RHP James Peters
Batting: LHB Andy Wulfeck 0-0: Ball
1-0: Ball
2-0: Ball
3-0: Base on Balls
Batting: RHB Joseph Olsen 0-0: Foul Ball, location: 2F
0-1: Ball
1-1: Foul Ball, location: 2F
1-2: Foul Ball, location: 2F
1-2: Foul Ball, location: 2F
1-2: Strikes out swinging
Batting: LHB Kentrellis Donciu 0-0: Ball
Balk!
Andy Wulfeck to second
1-0: Foul Ball, location: 2F
1-1: Ground out 6-3 (Groundball, 6, EV 88.8 MPH)
Andy Wulfeck to third
Batting: SHB Val Schmit 0-0: Ball
1-0: Called Strike
1-1: Called Strike
1-2: Strikes out swinging
Top of the 1st over - 0 runs, 0 hits, 0 errors, 1 left on base; Baltimore 0 - Windy City 0
BOTTOM OF THE 1ST
Windy City Blues batting - Pitching for Baltimore Bulldogs : RHP Kelvin Ellis
Pitching: RHP Kelvin Ellis
Batting: LHB Rafael Rutkowski 0-0: Called Strike
0-1: Ball
1-1: Ball
2-1: Swinging Strike
2-2: Foul Ball, location: 2F
2-2: Strikes out swinging
Batting: RHB Brad Castro 0-0: Called Strike
0-1: Ball
1-1: Called Strike
1-2: Ground out 6-3 (Groundball, 6, EV 80.6 MPH)
Batting: RHB Ezekiel Wolfson 0-0: Swinging Strike
0-1: Foul Ball, location: 2F
0-2: Ball
1-2: Foul Ball, location: 2F
1-2: Foul Ball, location: 2F
1-2: Fly out, F3 (Popup, 34, EV 80.0 MPH)
Bottom of the 1st over - 0 runs, 0 hits, 0 errors, 0 left on base; Baltimore 0 - Windy City 0
TOP OF THE 2ND
Baltimore Bulldogs batting - Pitching for Windy City Blues : RHP James Peters
Batting: LHB Owen Keimig 0-0: Called Strike
0-1: Swinging Strike
0-2: Ball
1-2: Ground out 6-3 (Groundball, 6M, EV 77.5 MPH)
Batting: LHB Justin Castiglioni 0-0: Called Strike
0-1: Ball
1-1: Ball
2-1: Called Strike
2-2: Ground out 4-3 (Groundball, 4S, EV 83.1 MPH)
Batting: SHB Cole Watson 0-0: Called Strike
0-1: Swinging Strike
0-2: Strikes out swinging
Top of the 2nd over - 0 runs, 0 hits, 0 errors, 0 left on base; Baltimore 0 - Windy City 0
BOTTOM OF THE 2ND
Windy City Blues batting - Pitching for Baltimore Bulldogs : RHP Kelvin Ellis
Batting: RHB Ty Dec 0-0: Called Strike
0-1: Foul Ball, location: 2F
0-2: Ball
1-2: Ball
2-2: Foul Ball, location: 2F
2-2: Ball
3-2: Base on Balls
Batting: RHB Freddy Mikulski 0-0: Ball
1-0: Called Strike
1-1: Swinging Strike
1-2: Strikes out swinging
Batting: RHB Dulani Cherry 0-0: Ball
1-0: Ball
2-0: Foul Ball, location: 2F
2-1: Ball
3-1: Called Strike
3-2: Fly out, F7 (Flyball, 78M, EV 86.9 MPH)
Batting: SHB Steven Hall 0-0: Called Strike
0-1: Ball
1-1: Called Strike
1-2: Strikes out looking
Bottom of the 2nd over - 0 runs, 0 hits, 0 errors, 1 left on base; Baltimore 0 - Windy City 0
TOP OF THE 3RD
Baltimore Bulldogs batting - Pitching for Windy City Blues : RHP James Peters
Batting: RHB Stephen Cuff 0-0: Ball
1-0: SINGLE (Flyball, 34D, EV 88.8 MPH)
Batting: RHB Neil Shoemaker 0-0: Fly out, F7 (Flyball, 7LS, EV 86.9 MPH)
Batting: LHB Andy Wulfeck 0-0: Ball
Stephen Cuff steals 2nd base
1-0: Foul Ball, location: 2F
1-1: Foul Ball, location: 2F
1-2: Fly out, F3 (Line Drive, 34, EV 71.9 MPH)
Batting: RHB Joseph Olsen 0-0: Foul Ball, location: 2F
0-1: Swinging Strike
0-2: Ball
1-2: Foul Ball, location: 2F
1-2: Ball
2-2: Strikes out swinging
Top of the 3rd over - 0 runs, 1 hit, 0 errors, 1 left on base; Baltimore 0 - Windy City 0
BOTTOM OF THE 3RD
Windy City Blues batting - Pitching for Baltimore Bulldogs : RHP Kelvin Ellis
Batting: RHB Adrien Jimenez 0-0: Ball
1-0: Ball
2-0: Called Strike
2-1: DOUBLE (Flyball, 8RXD, EV 100.0 MPH)
Batting: RHB Jesse Dissen 0-0: Ball
1-0: Ball
2-0: Bunted foul
2-1: Sac Bunt to 25 - play at first, batter OUT! 5-4
Adrien Jimenez to third
Batting: LHB Rafael Rutkowski 0-0: Called Strike
0-1: Ball
1-1: Ball
2-1: Called Strike
2-2: Foul Ball, location: 2F
2-2: Strikes out looking
Batting: RHB Brad Castro 0-0: Ball
1-0: SINGLE (Line Drive, 34D, EV 104.4 MPH)
Adrien Jimenez scores
Batting: RHB Ezekiel Wolfson 0-0: Ball
1-0: Foul Ball, location: 2F
1-1: Ball
2-1: Foul Ball, location: 2F
2-2: SINGLE (Groundball, 4MD, EV 93.8 MPH)
Brad Castro to second
Batting: RHB Ty Dec 0-0: Called Strike
0-1: Called Strike
0-2: Foul Ball, location: 2F
0-2: Strikes out swinging
Bottom of the 3rd over - 1 run, 3 hits, 0 errors, 2 left on base; Baltimore 0 - Windy City 1
TOP OF THE 4TH
Baltimore Bulldogs batting - Pitching for Windy City Blues : RHP James Peters
Batting: LHB Kentrellis Donciu 0-0: Ball
1-0: Ball
2-0: Called Strike
2-1: Fly out, F7 (Flyball, 78M, EV 80.0 MPH)
Batting: SHB Val Schmit 0-0: Called Strike
0-1: Ball
1-1: Foul Ball, location: 2F
1-2: Ball
2-2: Strikes out swinging
Batting: LHB Owen Keimig 0-0: Called Strike
0-1: Ball
1-1: Swinging Strike
1-2: Ball
2-2: TRIPLE (Flyball, 8LXD, EV 106.2 MPH)
Batting: LHB Justin Castiglioni 0-0: Ball
1-0: Fly out, F8 (Flyball, 8RS, EV 87.5 MPH)
Top of the 4th over - 0 runs, 1 hit, 0 errors, 1 left on base; Baltimore 0 - Windy City 1
BOTTOM OF THE 4TH
Windy City Blues batting - Pitching for Baltimore Bulldogs : RHP Kelvin Ellis
Batting: RHB Freddy Mikulski 0-0: Called Strike
0-1: Ball
1-1: Fly out, F6 (Popup, 6MS, EV 71.9 MPH)
Batting: RHB Dulani Cherry 0-0: Ball
1-0: Foul Ball, location: 2F
1-1: Fly out, F6 (Line Drive, 6, EV 66.9 MPH)
Batting: SHB Steven Hall 0-0: Called Strike
0-1: Foul Ball, location: 2F
0-2: Ball
1-2: Foul Ball, location: 2F
1-2: Ball
2-2: SINGLE (Groundball, P, EV 83.1 MPH) (infield hit)
Batting: RHB Adrien Jimenez 0-0: Called Strike
0-1: Called Strike
0-2: Strikes out looking
Bottom of the 4th over - 0 runs, 1 hit, 0 errors, 1 left on base; Baltimore 0 - Windy City 1
TOP OF THE 5TH
Baltimore Bulldogs batting - Pitching for Windy City Blues : RHP James Peters
Batting: SHB Cole Watson 0-0: Ball
1-0: Swinging Strike
1-1: Ball
2-1: Swinging Strike
2-2: Foul Ball, location: 2F
2-2: Foul Ball, location: 2F
2-2: Foul Ball, location: 2F
2-2: Ball
3-2: Foul Ball, location: 2F
3-2: Fly out, F6 (Line Drive, 6M, EV 75.0 MPH)
Batting: RHB Stephen Cuff 0-0: Ball
1-0: Foul Ball, location: 2F
1-1: Ball
2-1: Ball
3-1: Called Strike
3-2: Foul Ball, location: 2F
3-2: Foul Ball, location: 2F
3-2: Base on Balls
Batting: RHB Neil Shoemaker 0-0: Called Strike
Stephen Cuff steals 2nd base
0-1: Ball
1-1: Ball
2-1: Ball
3-1: Foul Ball, location: 2F
3-2: Strikes out swinging
Batting: LHB Andy Wulfeck 0-0: Foul Ball, location: 2F
0-1: Swinging Strike
0-2: SINGLE (Groundball, 34S, EV 66.9 MPH) (infield hit)
Stephen Cuff to third
Batting: RHB Joseph Olsen 0-0: Called Strike
0-1: Ball
1-1: Fly out, F8 (Line Drive, 8LM, EV 91.2 MPH)
Top of the 5th over - 0 runs, 1 hit, 0 errors, 2 left on base; Baltimore 0 - Windy City 1
BOTTOM OF THE 5TH
Windy City Blues batting - Pitching for Baltimore Bulldogs : RHP Kelvin Ellis
Batting: RHB Jesse Dissen 0-0: Ground out 5-3 (Groundball, 56, EV 89.4 MPH)
Batting: LHB Rafael Rutkowski 0-0: Ball
1-0: Fly out, F8 (Flyball, 8LD, EV 88.1 MPH)
Batting: RHB Brad Castro 0-0: Called Strike
0-1: Ground out 5-3 (Groundball, 56, EV 103.1 MPH)
Bottom of the 5th over - 0 runs, 0 hits, 0 errors, 0 left on base; Baltimore 0 - Windy City 1
TOP OF THE 6TH
Baltimore Bulldogs batting - Pitching for Windy City Blues : RHP James Peters
Batting: LHB Kentrellis Donciu 0-0: Ball
1-0: Called Strike
1-1: Ball
2-1: Called Strike
2-2: Foul Ball, location: 2F
2-2: Foul Ball, location: 2F
2-2: Strikes out looking
Batting: SHB Val Schmit 0-0: Ball
1-0: Foul Ball, location: 2F
1-1: Foul Ball, location: 2F
1-2: Ball
2-2: Foul Ball, location: 2F
2-2: Ball
3-2: Base on Balls
Batting: LHB Owen Keimig 0-0: Ball
1-0: Swinging Strike
1-1: Foul Ball, location: 2F
1-2: Foul Ball, location: 2F
1-2: Ball
2-2: Ball
3-2: Strikes out looking
Batting: LHB Justin Castiglioni 0-0: Called Strike
0-1: Ball
1-1: Fly out, F8 (Flyball, 8RD, EV 100.0 MPH)
Top of the 6th over - 0 runs, 0 hits, 0 errors, 1 left on base; Baltimore 0 - Windy City 1
BOTTOM OF THE 6TH
Windy City Blues batting - Pitching for Baltimore Bulldogs : RHP Kelvin Ellis
Batting: RHB Ezekiel Wolfson 0-0: Ball
1-0: Ball
2-0: Ground out 4-3 (Groundball, 4M, EV 106.2 MPH)
Batting: RHB Ty Dec 0-0: Ball
1-0: Foul Ball, location: 2F
1-1: Ball
2-1: Foul Ball, location: 2F
2-2: Ball
3-2: Foul Ball, location: 3F, Error on foul ball, E3
3-2: SINGLE (Line Drive, 7S, EV 101.9 MPH)
Pitching: RHP Devon Goldsmith
Batting: RHB Freddy Mikulski 0-0: Ball
1-0: Foul Ball, location: 2F
1-1: Ball
2-1: Grounds into double play, 5-4-3 (Groundball, 56, EV 106.9 MPH)
Bottom of the 6th over - 0 runs, 1 hit, 1 error, 0 left on base; Baltimore 0 - Windy City 1
TOP OF THE 7TH
Baltimore Bulldogs batting - Pitching for Windy City Blues : RHP James Peters
Pitching: RHP R.V. Weatherby
Batting: SHB Cole Watson 0-0: Called Strike
0-1: Called Strike
0-2: Ground out U3 (Groundball, 3, EV 100.6 MPH)
Batting: RHB Stephen Cuff 0-0: Swinging Strike
0-1: Ball
1-1: Ball
2-1: Foul Ball, location: 2F
2-2: Strikes out swinging
Batting: RHB Neil Shoemaker 0-0: Called Strike
0-1: Ball
1-1: Called Strike
1-2: Strikes out looking
Top of the 7th over - 0 runs, 0 hits, 0 errors, 0 left on base; Baltimore 0 - Windy City 1
BOTTOM OF THE 7TH
Windy City Blues batting - Pitching for Baltimore Bulldogs : RHP Devon Goldsmith
Batting: RHB Dulani Cherry 0-0: Ball
1-0: Swinging Strike
1-1: Called Strike
1-2: Ball
2-2: Ground out 4-3 (Groundball, 34, EV 83.1 MPH)
Batting: SHB Steven Hall 0-0: Ball
1-0: DOUBLE (Line Drive, 89M, EV 114.4 MPH)
Batting: RHB Adrien Jimenez 0-0: Called Strike
0-1: Ball
1-1: Called Strike
1-2: DOUBLE (Line Drive, 9LS, EV 107.5 MPH)
Steven Hall scores
Batting: RHB Jesse Dissen 0-0: Called Strike
0-1: Foul Ball, location: 2F
0-2: Foul Ball, location: 2F
0-2: Ball
1-2: Strikes out looking
Batting: LHB Rafael Rutkowski 0-0: Intentional Walk
Batting: RHB Brad Castro 0-0: Called Strike
0-1: Called Strike
0-2: Ball
1-2: Strikes out looking
Bottom of the 7th over - 1 run, 2 hits, 0 errors, 2 left on base; Baltimore 0 - Windy City 2
TOP OF THE 8TH
Baltimore Bulldogs batting - Pitching for Windy City Blues : RHP R.V. Weatherby
Batting: LHB Andy Wulfeck 0-0: Ball
1-0: Fly out, F9 (Line Drive, 89M, EV 94.4 MPH)
Batting: RHB Joseph Olsen 0-0: Ball
1-0: Reached on error, E6 (Groundball, 6, EV 80.6 MPH)
Batting: LHB Kentrellis Donciu 0-0: Ball
1-0: Foul Ball, location: 2F
1-1: Foul Ball, location: 2F
1-2: Ball
2-2: Ball
3-2: Foul Ball, location: 2F
3-2: Base on Balls
Joseph Olsen to second
Batting: SHB Val Schmit 0-0: Ball
1-0: Ball
2-0: Ball
Passed Ball!
Joseph Olsen to third
Kentrellis Donciu to second
3-0: Called Strike
3-1: Swinging Strike
3-2: Ground out 4-3 (Groundball, 4, EV 92.5 MPH)
Joseph Olsen scores
Kentrellis Donciu to third
Batting: LHB Owen Keimig 0-0: Called Strike
0-1: Fly out, F8 (Flyball, 8LD, EV 105.0 MPH)
Top of the 8th over - 1 run, 0 hits, 1 error, 1 left on base; Baltimore 1 - Windy City 2
BOTTOM OF THE 8TH
Windy City Blues batting - Pitching for Baltimore Bulldogs : RHP Devon Goldsmith
Batting: RHB Ezekiel Wolfson 0-0: Ball
1-0: Ball
2-0: Ball
3-0: SOLO HOME RUN (Flyball, 78XD, EV 100.0 MPH), Distance : 386 ft
Batting: RHB Ty Dec 0-0: Ball
1-0: Called Strike
1-1: Swinging Strike
1-2: Strikes out swinging
Batting: RHB Freddy Mikulski 0-0: Ball
1-0: Called Strike
1-1: Ball
2-1: Ball
3-1: Base on Balls
Pitching: LHP Carl Vertullo
Batting: RHB Dulani Cherry 0-0: Ball
1-0: Foul Ball, location: 2F
1-1: SINGLE (Groundball, 6S, EV 74.4 MPH) (infield hit)
Freddy Mikulski to second
Batting: SHB Steven Hall 0-0: Foul Ball, location: 2F
0-1: Foul Ball, location: 2F
0-2: Strikes out looking
Batting: RHB Adrien Jimenez 0-0: Ball
1-0: Ball
2-0: Called Strike
2-1: Called Strike
2-2: Ball
3-2: Strikes out swinging
Bottom of the 8th over - 1 run, 2 hits, 0 errors, 2 left on base; Baltimore 1 - Windy City 3
TOP OF THE 9TH
Baltimore Bulldogs batting - Pitching for Windy City Blues : RHP R.V. Weatherby
Pitching: LHP Cooper Ritchey
Batting: LHB Justin Castiglioni 0-0: Ball
1-0: Ball
2-0: Foul Ball, location: 2F
2-1: Ground out 5-3 (Groundball, 56, EV 92.5 MPH)
Batting: SHB Cole Watson 0-0: Called Strike
0-1: Foul Ball, location: 2F
0-2: Ball
1-2: Ground out 5-3 (Groundball, 5D, EV 88.8 MPH)
Batting: RHB Stephen Cuff 0-0: Foul Ball, location: 2F
0-1: Foul Ball, location: 2F
0-2: Ball
1-2: Foul Ball, location: 2F
1-2: Ball
2-2: Strikes out swinging
Top of the 9th over - 0 runs, 0 hits, 0 errors, 0 left on base; Baltimore 1 - Windy City 3
Monday, April 29th , 2024 - OOTP Baseball 23.10 Build 110